 Dungeon Crawl Stone Soup version 0.29.1-1-gd02db6906a (webtiles) character file.

Game seed: 9025195011972420298

27 xian the Conjurer (level 2, -6/19 HPs)
             Began as a Demonspawn Conjurer on Oct 14, 2022.
             Was a Follower of Makhleb.
             Mangled by Robin
             ... wielding a +2 vampiric trident
              (7 damage)
             ... on level 2 of the Dungeon.
             The game lasted 00:01:25 (1500 turns).

xian the Conjurer (Demonspawn Conjurer)             Turns: 1500, Time: 00:01:25

Health: -6/19      AC:  3    Str:  7    XL:     2   Next: 93%
Magic:  5/5        EV: 12    Int: 19    God:    Makhleb [*.....]
Gold:   26         SH:  4    Dex: 11    Spells: 2/5 levels left

rFire   . . .      SeeInvis .   c - +0 dagger
rCold   . . .      Faith    .   (no shield)
rNeg    . . .      Spirit   .   a - +0 robe
rPois   .          Reflect  .   (no helmet)
rElec   .          Harm     .   (no cloak)
rCorr   .          Rampage  .   e - +0 pair of gloves
Will    .....                   (no boots)
Stlth   ++........              (no amulet)
HPRegen 0.06/turn               (no ring)
MPRegen 0.09/turn               (no ring)

@: lethally poisoned (-6 -> -19)
A: large bone plates 1
a: Renounce Religion


You were on level 2 of the Dungeon.
You worshipped Makhleb.
Makhleb was aware of your devotion.
You visited 1 branch of the dungeon, and saw 2 of its levels.

You collected 26 gold pieces.

Inventory:

Hand Weapons
 c - a +0 dagger (weapon)
Armour
 a - a +0 robe (worn)
 e - a +0 pair of gloves (worn)
Scrolls
 d - a scroll of teleportation {unknown}


   Skills:
 + Level 1.8 Dodging
 + Level 1.9 Stealth
 + Level 2.1 Spellcasting
 + Level 4.8 Conjurations


You had 2 spell levels left.
You knew the following spells:

 Your Spells              Type           Power      Damage    Failure   Level
a - Magic Dart            Conj           80%        1d7       2%          1
b - Searing Ray           Conj           40%        2d5       3%          2

Your spell library contained the following spells:

 Spells                   Type           Power      Damage    Failure   Level
 Dazzling Flash           Conj/Hex       22%        N/A       19%         3
 Fulminant Prism          Conj/Hex       5%         3d7       52%         4
 Iskenderun's Mystic Bla  Conj/Tloc      11%        2d4       52%         4


Dungeon Overview and Level Annotations

Branches:
Dungeon (2/15)

Altars:
Makhleb

Annotations:
D:2 Robin


Innate Abilities, Weirdness & Mutations

You are partially covered in large bone plates. (SH +4)


Message History

You can now gain health from killing.
The goblin hits you but does no damage.
You miss the goblin. The goblin hits you but does no damage.
You hit the goblin.
The goblin is moderately wounded.
The goblin hits you but does no damage.
Robin roars a battlecry!
The goblins go into a battle-frenzy!
You hear a shout!
You hit the goblin but do no damage.
The goblin is moderately wounded.
You block the goblin's attack. Robin throws the goblin at you!
You closely miss the goblin.
The goblin is moderately wounded.
Robin roars a battlecry!
The goblin hits you but does no damage.
You are poisoned.
The goblin hits you with a +0 dagger.
You hear a shout!
You barely miss the goblin.
The goblin is moderately wounded.
You feel very sick. The goblin closely misses you. x2
You closely miss the goblin.
The goblin is moderately wounded.
You feel sick.
A goblin comes into view. It is wielding a +0 dagger.
The goblin misses you. The goblin hits you but does no damage.
You are more poisoned.
Robin roars a battlecry!
Okay, then.
Magic courses through your body.
* * * LOW HITPOINT WARNING * * *
You feel very sick. The goblin hits you with a +0 dagger.
* * * LOW HITPOINT WARNING * * *
The goblin barely misses you.
A hobgoblin comes into view.
Robin hits you from afar with a +2 vampiric trident!
You die...

###.##.## #.#
....##.####.#
............#
.#####.####.#
#.# #.#
#.####.##
#(......##
####.###.######
#.....#
#ggg@g.#
#.###.#
#g####.#
##...## # #g#
g). ###


You could see Robin, a hobgoblin (strong) and 3 goblins.

Vanquished Creatures
  2 ball pythons (D:1)
  2 bats (D:1)
  4 endoplasms (D:1)
  7 goblins
  3 hobgoblins
  A kobold (D:1)
  A quokka (D:1)
  3 rats (D:1)
23 creatures vanquished.

Notes
Turn   | Place    | Note
-------+----------+-------------------------------------------
     0 | D:1      | xian the Demonspawn Conjurer began the quest for the Orb.
     0 | D:1      | Reached XP level 1. HP: 13/13 MP: 3/3
   502 | D:1      | Gained mutation: You are partially covered in large bone
                  | plates. (SH +4) [demonic ancestry]
   502 | D:1      | Reached XP level 2. HP: 19/19 MP: 0/5
   505 | D:1      | Learned a level 2 spell: Searing Ray
  1483 | D:2      | Found a faded altar of an unknown god.
  1489 | D:2      | Noticed Robin
  1493 | D:2      | Prayed at the altar of an unknown god.
  1493 | D:2      | Became a worshipper of Makhleb the Destroyer
  1493 | D:2      | Reached * piety under Makhleb
  1500 | D:2      | Mangled by Robin

Illustrated notes

Levels and vault maps discovered:
D:1:      denvon_arrival_planthouse, layout_basic
D:2:      layout_loops_ring, serial_shops, nicolae_shop_behind_doors,
          basic_ecumenical_altar, uniq_robin, uniq_jessica

Action                   || total
-------------------------++-------
Melee: Dagger            ||     7
 Cast: Magic Dart        ||    41
  Use: Potion            ||     1
Armor: Robe              ||     6
Dodge: Dodged            ||     5
Block: Other             ||     1
